AoeStats
← Guru8722

Arabia

503243762Analyzed
2v2 RM · 1mo ago on Aug 30, 2026· 61m 13s· 4 players
Game mode
Random Map
Map size
Medium (4 player)
Population
200
Speed
Normal
Resources
Standard
Victory
Conquest
Starting age
Dark Age
Ending age
Imperial Age
RankedLock teamsTeams togetherTeam positionsShared explorationLock speedFull tech treeHidden civsTurbo modeCheats
Victory
Defeat
🇫🇷 Mongols · France
1065
+15
🇫🇷 Franks · France
1056
+15
🇺🇸 Vietnamese · United States
1062
-16
🇺🇸 Wei · United States
1024
-14
Sanji-San
6:35 Loom
8:53 Feudal Age
9:21 Double-Bit Axe
10:04 Horse Collar
20:58 Castle Age
19:36 Gold Mining
19:56 Fletching
22:18 Bodkin Arrow
22:56 Bow Saw
26:06 Ballistics
27:21 Town Watch
29:15 Padded Archer Armor
33:32 Wheelbarrow
34:55 Thumb Ring
39:56 Imperial Age
41:16 Conscription
42:16 Ming Guang Armor
42:54 Parthian Tactics
42:40 Bracer
44:19 Leather Archer Armor
45:07 Chemistry
44:53 Murder Holes
48:21 Hand Cart
48:55 Masonry
49:58 Ring Archer Armor
50:10 Treadmill Crane
51:25 Bloodlines
51:16 Husbandry
50:37 Light Cavalry
53:05 Scale Barding Armor
53:10 Forging
55:14 Chain Barding Armor
55:30 Iron Casting
54:48 Capped Ram
55:21 Hussar
Guru8722
6:54 Loom
10:13 Feudal Age
10:44 Double-Bit Axe
19:04 Fletching
21:26 Padded Archer Armor
29:25 Castle Age
28:00 Gold Mining
27:53 Horse Collar
30:04 Bodkin Arrow
30:23 Crossbowman
31:58 Wheelbarrow
33:44 Leather Archer Armor
37:23 Hand Cart
41:04 Thumb Ring
44:48 Heavy Plow
55:12 Ballistics
Charlie Martel
6:35 Loom
8:44 Feudal Age
9:39 Double-Bit Axe
12:11 Wheelbarrow
18:55 Scale Barding Armor
22:18 Castle Age
20:54 Gold Mining
20:46 Horse Collar
20:59 Fletching
22:27 Bloodlines
22:19 Padded Archer Armor
23:15 Husbandry
23:35 Bow Saw
23:22 Bodkin Arrow
24:35 Leather Archer Armor
27:25 Thumb Ring
28:39 Ballistics
30:40 Chain Barding Armor
31:07 Gold Shaft Mining
33:03 Pikeman
33:56 Town Watch
33:42 Light Cavalry
36:04 Hand Cart
36:53 Forging
37:51 Town Patrol
39:11 Iron Casting
43:19 Imperial Age
44:29 Conscription
44:34 Bracer
45:54 Parthian Tactics
45:50 Hussar
48:18 Blast Furnace
48:19 Chemistry
47:46 Elite Skirmisher
50:02 Elite Mangudai
55:25 Drill
55:27 Stone Mining
55:38 Heavy Plow
59:26 Caravan
59:08 Capped Ram
61:10 Siege Engineers
60:31 Siege Ram
Tout Petit Boulet
5:50 Loom
9:17 Feudal Age
17:55 Double-Bit Axe
18:03 Gold Mining
21:58 Castle Age
23:44 Husbandry
24:40 Wheelbarrow
25:30 Bow Saw
27:36 Town Watch
30:24 Hand Cart
30:31 Forging
36:43 Fletching
36:59 Scale Barding Armor
43:11 Bodkin Arrow
43:52 Iron Casting
43:57 Town Patrol
48:26 Imperial Age
46:46 Chain Barding Armor
46:27 Scale Mail Armor
48:42 Cavalier
50:41 Conscription
53:09 Murder Holes
54:16 Hoardings
55:35 Blast Furnace
55:10 Plate Barding Armor
54:01 Paladin
54:20 Capped Ram
57:50 Chain Mail Armor
58:16 Caravan
Connection lost

Rejoining the realm…

Still unreachable

The connection could not be restored.

Session expired

The server has moved on; the page needs a fresh start.